TOP OF THE 1ST |
Highwood Hawks batting - Pitching for Louisiana Dragoons : RHP Nicholas Beyer
|
Pitching: RHP Nicholas Beyer
|
|
Batting: RHB Marcox Fiadeiro
|
0-0: Called Strike 0-1: Foul Ball, location: 2F 0-2: Ground out 4-3 (Groundball, 4M)
|
Batting: RHB Oscar Stephens
|
0-0: Ground out 5-3 (Groundball, 56S)
|
Batting: RHB Luis Jelarde
|
0-0: SINGLE (Line Drive, 6D)
|
Batting: SHB José Quintero
|
0-0: Ball 1-0: Foul Ball, location: 2F 1-1: Foul Ball, location: 2F 1-2: Fly out, F7 (Flyball, 78D)
|
Top of the 1st over - 0 run(s), 1 hit(s), 0 error(s), 1 left on base; Highwood 0 - Louisiana 0 |
BOTTOM OF THE 1ST |
Louisiana Dragoons batting - Pitching for Highwood Hawks : RHP Enrique Madrid
|
Pitching: RHP Enrique Madrid
|
|
Batting: SHB Manuel González
|
0-0: Ball 1-0: Fly out, F8 (Flyball, 8LM)
|
Batting: RHB Sancho Rodríguez
|
0-0: Foul Ball, location: 2F 0-1: Swinging Strike 0-2: Hit by Pitch
|
Batting: RHB Domingo Calderón
|
0-0: Ball Sancho Rodríguez is caught stealing 2nd base 1-0: Called Strike 1-1: Ground out 1-3 (Groundball, 25)
|
Bottom of the 1st over - 0 run(s), 0 hit(s), 0 error(s), 0 left on base; Highwood 0 - Louisiana 0 |
TOP OF THE 2ND |
Highwood Hawks batting - Pitching for Louisiana Dragoons : RHP Nicholas Beyer
|
Batting: RHB Derrek Church
|
0-0: Called Strike 0-1: SINGLE (Groundball, 56D)
|
Batting: RHB Júlio Becerra
|
0-0: Ball 1-0: Swinging Strike 1-1: Ball 2-1: Ball 3-1: Base on Balls Derrek Church to second
|
Batting: RHB Pepe Álvarez
|
0-0: Foul Ball, location: 2F 0-1: Ball 1-1: Ball 2-1: Foul Ball, location: 2F 2-2: Strikes out swinging
|
Batting: RHB Daniel Ruíz
|
0-0: Grounds into double play, 5-4-3 (Groundball, 5)
|
Top of the 2nd over - 0 run(s), 1 hit(s), 0 error(s), 1 left on base; Highwood 0 - Louisiana 0 |
BOTTOM OF THE 2ND |
Louisiana Dragoons batting - Pitching for Highwood Hawks : RHP Enrique Madrid
|
Batting: RHB Victorino Navarro
|
0-0: Foul Ball, location: 2F 0-1: Called Strike 0-2: Ball 1-2: Strikes out looking
|
Batting: SHB Francisco Valentín
|
0-0: Called Strike 0-1: SINGLE (Line Drive, 9LS)
|
Batting: RHB Anthony Crow
|
0-0: Ball 1-0: Ball 2-0: Ball 3-0: Called Strike 3-1: Base on Balls Francisco Valentín to second
|
Batting: RHB Marlon Cummins
|
0-0: Ball 1-0: Ball 2-0: Called Strike 2-1: 3-RUN HOME RUN (Flyball, 78XD), Distance : 416 ft
|
Batting: RHB Wessel Wemerman
|
0-0: Ground out 6-3 (Groundball, 6)
|
Batting: RHB César López
|
0-0: Ball 1-0: TRIPLE (Flyball, 9LM)
|
Batting: SHB Manuel González
|
0-0: Fly out, F9 (Flyball, 9M)
|
Bottom of the 2nd over - 3 run(s), 3 hit(s), 0 error(s), 1 left on base; Highwood 0 - Louisiana 3 |
TOP OF THE 3RD |
Highwood Hawks batting - Pitching for Louisiana Dragoons : RHP Nicholas Beyer
|
Batting: LHB Errol Levick
|
0-0: Ball 1-0: Foul Ball, location: 2F 1-1: Called Strike 1-2: Strikes out swinging
|
Batting: RHB Marcox Fiadeiro
|
0-0: Ball 1-0: Ball 2-0: TRIPLE (Line Drive, 8LXD)
|
Batting: RHB Oscar Stephens
|
0-0: Ball 1-0: Ball 2-0: Called Strike 2-1: Fly out, F4 (Popup, 89S)
|
Batting: RHB Luis Jelarde
|
0-0: Called Strike 0-1: Called Strike 0-2: Foul Ball, location: 2F 0-2: Strikes out swinging
|
Top of the 3rd over - 0 run(s), 1 hit(s), 0 error(s), 1 left on base; Highwood 0 - Louisiana 3 |
BOTTOM OF THE 3RD |
Louisiana Dragoons batting - Pitching for Highwood Hawks : RHP Enrique Madrid
|
Batting: RHB Sancho Rodríguez
|
0-0: Ball 1-0: Called Strike 1-1: Ball 2-1: SINGLE (Line Drive, 56D)
|
Batting: RHB Domingo Calderón
|
0-0: Foul Ball, location: 2F 0-1: Foul Ball, location: 2F 0-2: Strikes out looking
|
Batting: RHB Victorino Navarro
|
0-0: Called Strike 0-1: Ball 1-1: Called Strike 1-2: Ball 2-2: Ball 3-2: Foul Ball, location: 2F 3-2: Foul Ball, location: 2F 3-2: Foul Ball, location: 2F 3-2: Base on Balls Sancho Rodríguez to second
|
Batting: SHB Francisco Valentín
|
0-0: Ball 1-0: Fielders Choice at 2nd, 4-6 (Groundball, 34) Sancho Rodríguez to third
|
Batting: RHB Anthony Crow
|
0-0: Foul Ball, location: 2F 0-1: Ball 1-1: Called Strike 1-2: Strikes out swinging
|
Bottom of the 3rd over - 0 run(s), 1 hit(s), 0 error(s), 2 left on base; Highwood 0 - Louisiana 3 |
TOP OF THE 4TH |
Highwood Hawks batting - Pitching for Louisiana Dragoons : RHP Nicholas Beyer
|
Batting: SHB José Quintero
|
0-0: Called Strike 0-1: Ball 1-1: Foul Ball, location: 2F 1-2: Strikes out swinging
|
Batting: RHB Derrek Church
|
0-0: Ball 1-0: Ball 2-0: Called Strike 2-1: Foul Ball, location: 2F 2-2: Strikes out swinging
|
Batting: RHB Júlio Becerra
|
0-0: Ball 1-0: Called Strike 1-1: Ball 2-1: Fly out, F8 (Flyball, 89M)
|
Top of the 4th over - 0 run(s), 0 hit(s), 0 error(s), 0 left on base; Highwood 0 - Louisiana 3 |
BOTTOM OF THE 4TH |
Louisiana Dragoons batting - Pitching for Highwood Hawks : RHP Enrique Madrid
|
Batting: RHB Marlon Cummins
|
0-0: Called Strike 0-1: Ball 1-1: Ball 2-1: Foul Ball, location: 2F 2-2: Ball 3-2: Strikes out swinging
|
Batting: RHB Wessel Wemerman
|
0-0: Ball 1-0: Foul Ball, location: 2F 1-1: Foul Ball, location: 2F 1-2: Ball 2-2: Strikes out swinging
|
Batting: RHB César López
|
0-0: Ball 1-0: Called Strike 1-1: Swinging Strike 1-2: Fly out, F3 (Popup, 3SF)
|
Bottom of the 4th over - 0 run(s), 0 hit(s), 0 error(s), 0 left on base; Highwood 0 - Louisiana 3 |
TOP OF THE 5TH |
Highwood Hawks batting - Pitching for Louisiana Dragoons : RHP Nicholas Beyer
|
Batting: RHB Pepe Álvarez
|
0-0: Ball 1-0: SINGLE (Groundball, 34)
|
Batting: RHB Daniel Ruíz
|
0-0: Ball 1-0: Bunted foul 1-1: Bunted foul 1-2: Fly out, F9 (Flyball, 89M)
|
Batting: LHB Errol Levick
|
0-0: Ball 1-0: Fly out, F8 (Flyball, 8RM)
|
Batting: RHB Marcox Fiadeiro
|
0-0: Ball 1-0: Called Strike Pepe Álvarez is caught stealing 2nd base
|
Top of the 5th over - 0 run(s), 1 hit(s), 0 error(s), 0 left on base; Highwood 0 - Louisiana 3 |
BOTTOM OF THE 5TH |
Louisiana Dragoons batting - Pitching for Highwood Hawks : RHP Enrique Madrid
|
Batting: SHB Manuel González
|
0-0: Ball 1-0: Bunt missed! 1-1: Called Strike 1-2: Strikes out swinging
|
Batting: RHB Sancho Rodríguez
|
0-0: Ball 1-0: Fly out, F8 (Flyball, 8LS)
|
Batting: RHB Domingo Calderón
|
0-0: Fly out, F6 (Popup, 6M)
|
Bottom of the 5th over - 0 run(s), 0 hit(s), 0 error(s), 0 left on base; Highwood 0 - Louisiana 3 |
TOP OF THE 6TH |
Highwood Hawks batting - Pitching for Louisiana Dragoons : RHP Nicholas Beyer
|
Batting: RHB Marcox Fiadeiro
|
0-0: Foul Ball, location: 2F 0-1: Called Strike 0-2: Strikes out swinging
|
Batting: RHB Oscar Stephens
|
0-0: Ball 1-0: Swinging Strike 1-1: Called Strike 1-2: Ball 2-2: Strikes out swinging
|
Batting: RHB Luis Jelarde
|
0-0: Ball 1-0: Ball 2-0: SINGLE (Groundball, 56D)
|
Batting: SHB José Quintero
|
0-0: Ball 1-0: Ball 2-0: Foul Ball, location: 2F 2-1: Fly out, F7 (Flyball, 78M)
|
Top of the 6th over - 0 run(s), 1 hit(s), 0 error(s), 1 left on base; Highwood 0 - Louisiana 3 |
BOTTOM OF THE 6TH |
Louisiana Dragoons batting - Pitching for Highwood Hawks : RHP Enrique Madrid
|
Batting: RHB Victorino Navarro
|
0-0: Ball 1-0: Foul Ball, location: 2F 1-1: Ball 2-1: Foul Ball, location: 2F 2-2: SINGLE (Groundball, 34D)
|
Batting: SHB Francisco Valentín
|
0-0: Ball 1-0: Ball 2-0: Fly out, F6 (Popup, 56)
|
Batting: RHB Anthony Crow
|
0-0: Ball Victorino Navarro is caught stealing 2nd base 1-0: SINGLE (Line Drive, 6MD)
|
Batting: RHB Marlon Cummins
|
0-0: Called Strike 0-1: Foul Ball, location: 2F 0-2: Ball 1-2: Strikes out looking
|
Bottom of the 6th over - 0 run(s), 2 hit(s), 0 error(s), 1 left on base; Highwood 0 - Louisiana 3 |
TOP OF THE 7TH |
Highwood Hawks batting - Pitching for Louisiana Dragoons : RHP Nicholas Beyer
|
Batting: RHB Derrek Church
|
0-0: Ball 1-0: Ball 2-0: Called Strike 2-1: Fly out, F4 (Popup, 4D)
|
Batting: RHB Júlio Becerra
|
0-0: Ball 1-0: Called Strike 1-1: Ball 2-1: Ground out 6-3 (Groundball, 6)
|
Batting: RHB Pepe Álvarez
|
0-0: Ball 1-0: Swinging Strike 1-1: Fly out, F3 (Line Drive, 3S)
|
Top of the 7th over - 0 run(s), 0 hit(s), 0 error(s), 0 left on base; Highwood 0 - Louisiana 3 |
BOTTOM OF THE 7TH |
Louisiana Dragoons batting - Pitching for Highwood Hawks : RHP Enrique Madrid
|
Batting: RHB Wessel Wemerman
|
0-0: Called Strike 0-1: Ball 1-1: SINGLE (Groundball, 3D)
|
Batting: RHB César López
|
0-0: Ball 1-0: Ball 2-0: Sac Bunt - play at first, batter OUT! 5-4 Wessel Wemerman to second
|
Batting: SHB Manuel González
|
0-0: Intentional Walk
|
Batting: RHB Sancho Rodríguez
|
0-0: Called Strike 0-1: Swinging Strike 0-2: Ball 1-2: Ball 2-2: Strikes out looking
|
Batting: RHB Domingo Calderón
|
0-0: Called Strike 0-1: Ball 1-1: Ball 2-1: Fielders Choice at 2nd, 6-4 (Groundball, 6)
|
Bottom of the 7th over - 0 run(s), 1 hit(s), 0 error(s), 1 left on base; Highwood 0 - Louisiana 3 |
TOP OF THE 8TH |
Highwood Hawks batting - Pitching for Louisiana Dragoons : RHP Nicholas Beyer
|
Batting: RHB Daniel Ruíz
|
0-0: Ball 1-0: Ball 2-0: Ball 3-0: Base on Balls
|
Pitching: RHP Seishiro Sato
|
|
Batting: LHB Errol Levick
|
0-0: Called Strike 0-1: Ball 1-1: Ball 2-1: Ball 3-1: SINGLE (Groundball, 34) Daniel Ruíz to second Runner from 2nd tries for 3rd, SAFE, no throw or cutoff
|
Pitching: RHP António Altagracia
|
|
Batting: RHB Marcox Fiadeiro
|
0-0: Ball 1-0: Ball 2-0: Ball 3-0: Base on Balls Errol Levick to second
|
Pinch Hitting: LHB Jim Unknown
|
0-0: Ball 1-0: Called Strike 1-1: Ball 2-1: Foul Ball, location: 2F 2-2: Fly out, F7 (Flyball, 7M) Runner from 3rd tags up, SCORES, no throw
|
Batting: RHB Luis Jelarde
|
0-0: Ball 1-0: Ball 2-0: Called Strike 2-1: Grounds into double play, 6-4-3 (Groundball, 56)
|
Top of the 8th over - 1 run(s), 1 hit(s), 0 error(s), 1 left on base; Highwood 1 - Louisiana 3 |
BOTTOM OF THE 8TH |
Louisiana Dragoons batting - Pitching for Highwood Hawks : RHP Enrique Madrid
|
Pitching: RHP Jorge Méndez
|
|
Now at SS: António Sánchez
|
|
Batting: RHB Victorino Navarro
|
0-0: Called Strike 0-1: Ball 1-1: Swinging Strike 1-2: Fly out, F9 (Flyball, 9S)
|
Batting: SHB Francisco Valentín
|
0-0: Called Strike 0-1: Called Strike 0-2: Ground out 4-3 (Groundball, 4)
|
Batting: RHB Anthony Crow
|
0-0: Called Strike 0-1: Foul Ball, location: 2F 0-2: Ball 1-2: Foul Ball, location: 2F 1-2: Foul Ball, location: 2F 1-2: Strikes out swinging
|
Bottom of the 8th over - 0 run(s), 0 hit(s), 0 error(s), 0 left on base; Highwood 1 - Louisiana 3 |
TOP OF THE 9TH |
Highwood Hawks batting - Pitching for Louisiana Dragoons : RHP António Altagracia
|
Pitching: LHP Fernando Blanca
|
|
Batting: SHB José Quintero
|
0-0: Called Strike 0-1: Swinging Strike 0-2: Foul Ball, location: 2F 0-2: Foul Ball, location: 2F 0-2: Ball 1-2: Ground out 1-3 (Groundball, 15)
|
Batting: RHB Derrek Church
|
0-0: Ball 1-0: Called Strike 1-1: Ball 2-1: Swinging Strike 2-2: Strikes out swinging
|
Batting: RHB Júlio Becerra
|
0-0: Ball 1-0: Called Strike 1-1: Swinging Strike 1-2: Foul Ball, location: 2F 1-2: Strikes out swinging
|
Top of the 9th over - 0 run(s), 0 hit(s), 0 error(s), 0 left on base; Highwood 1 - Louisiana 3 |
|